 Dungeon Crawl Stone Soup version 0.18-a0-1203-gbde16db (webtiles) character file.

6477 Ghalim the Basher (level 11, -13/76 HPs)
             Began as a Gargoyle Fighter on Feb 1, 2016.
             Was a Follower of Okawaru.
             Killed from afar by a deep elf mage (22 damage)
             ... with a shard of ice
             ... on level 10 of the Dungeon.
             The game lasted 00:24:24 (10299 turns).

Ghalim the Basher (Gargoyle Fighter)               Turns: 10299, Time: 00:24:24

Health: -13/76     AC: 20    Str: 23    XL:     11   Next: 0%
Magic:  11/11      EV:  7    Int:  9    God:    Okawaru [*.....]
Gold:   557        SH:  9    Dex:  9    Spells: 0 memorised, 10 levels left

rFire  + . .     SeeInvis .     K - +1 mace (holy)
rCold  . . .     Gourm    .     b - +0 scale mail
rNeg   + . .     Faith    .     c - +0 shield
rPois  ∞         Spirit   .     r - +1 helmet
rElec  +         Dismiss  .     A - +0 cloak
rCorr  .         Reflect  .     C - +2 pair of gloves
SustAt .         Harm     .     (no boots)
MR     .....                    (no amulet)
Stlth  ..........               (no ring)
                                m - ring of protection from fire

@: not resistant to hostile enchantments, extremely unstealthy
A: negative energy resistance 1, electricity resistance, unbreathing,
petrification resistance, rot immunity, AC +7
a: Heroism, Renounce Religion


You were on level 10 of the Dungeon.
You worshipped Okawaru.
Okawaru was aware of your devotion.
You were very hungry.

You visited 1 branch of the dungeon, and saw 10 of its levels.

You collected 557 gold pieces.

Inventory:

Hand Weapons
 K - a +1 mace of holy wrath (weapon)
Armour
 b - a +0 scale mail (worn)
 c - a +0 shield (worn)
 r - a +1 helmet (worn)
 A - a +0 cloak (worn)
 C - a +2 pair of gloves (worn)
Jewellery
 k - a +4 ring of strength {unknown}
 m - a ring of protection from fire (left hand)
Wands
 n - a wand of lightning (5/15)
 q - a wand of fireball (10/15)
 t - a wand of polymorph (15/24)
 v - a wand of random effects (19/48)
 D - a wand of fireball (5/15)
 N - a wand of digging (20/24)
Scrolls
 a - a scroll of amnesia {unknown}
 e - 3 scrolls of enchant armour {unknown}
 g - 2 scrolls of remove curse
 j - a scroll of noise {unknown}
 l - 4 scrolls of identify
 s - 3 scrolls of fear {unknown}
 B - a scroll of enchant weapon {unknown}
 G - a scroll of teleportation {unknown}
 H - a scroll of recharging {unknown}
 J - 2 scrolls of holy word {unknown}
Potions
 d - 2 potions of might
 i - 4 potions of mutation
 o - 3 potions of flight
 p - a potion of poison {unknown}
 u - a potion of invisibility
 w - 4 potions of curing
 E - a potion of cure mutation {unknown}
 L - a potion of agility {unknown}
Books
 y - a Fen Folio

   Spells                             Type                      Level
   a - Corpse Rot                     Necromancy                   2
   b - Stone Arrow                    Conjuration/Earth            3
   c - Leda's Liquefaction            Hexes/Earth                  4
   d - Summon Forest                  Summoning/Translocation      5
   e - Hydra Form                     Transmutation                6
   f - Summon Hydra                   Summoning                    7
Miscellaneous
 I - a lamp of fire
Comestibles
 f - 14 bread rations
 h - 7 meat rations
 x - 9 fruits
 F - a beef jerky


   Skills:
 - Level 12.0 Fighting
 - Level 12.0 Maces & Flails
 + Level 3.7 Armour
 + Level 3.7 Shields


You had 10 spell levels left.
You didn't know any spells.

Dungeon Overview and Level Annotations

Branches:
Dungeon (10/15)
 Temple: D:4-7         Lair: D:8-11         Orc: D:9-12

Altars:
Ashenzari
Cheibriados
Dithmenos
Elyvilon
Fedhas
Kikubaaqudgha
Makhleb
Okawaru
Pakellas
Ru
Sif Muna
Trog
Vehumet
Xom
The Shining One


Innate Abilities, Weirdness & Mutations

You are resistant to torment.
Your stone body is resilient (AC +7).
You are immune to poison.
You resist negative energy.
You are resistant to electric shocks.
You can survive without breathing.
You are immune to petrification.
You are immune to rotting.


Message History

A wyvern comes into view.
You see here a flail.
There is a stone staircase leading up here.
You start resting.
The deep elf mage hits you but does no damage.
You barely miss the deep elf mage. You closely miss the deep elf mage.
The deep elf mage casts a spell.
You miss the deep elf mage.
The deep elf mage gestures at you while chanting.
The bolt of cold hits you!
Ouch! That really hurt!
You closely miss the deep elf mage.
The deep elf mage mumbles some strange words.
The deep elf mage points at you and mumbles some strange words.
The shard of ice hits you!
* * * LOW HITPOINT WARNING * * *
The deep elf mage points at you and mumbles some strange words.
The shard of ice hits you!
You die...

#####......./....
#.. #............
###...
#............
......
#.........###
...... #.........#
.....####e........#
#.................
#.....Y...........
#...@.Y..........#
#..<...........##
#...###........#
#...# #..(.....#
#...# #........
#...# #........
#...# #........
#...# ....!..
######...###


You could see a deep elf mage and 2 ice beasts.

Vanquished Creatures
  Pikel (D:7)
  A hill giant (D:9)
  A gargoyle (D:10)
  A troll (D:10)
  Sigmund (D:5)
  A spriggan (D:7)
  6 yaks
  A hungry ghost (D:7)
  Duvessa (D:7)
  6 sky beasts
  An ice beast (D:7)
  4 ogres
  A black bear (D:7)
  3 orc warriors
  4 phantoms
  A crocodile (D:9)
  3 centaurs (D:9)
  A big kobold (D:7)
  4 giant frogs
  Dowan (D:7)
  A scorpion (D:5)
  4 killer bees (D:7)
  4 wights (D:8)
  A giant frog zombie (D:9)
  2 crimson imps
  An iron imp (D:6)
  2 orc priests
  5 hounds
  An orc wizard (D:3)
  Crazy Yiuf (D:5)
  An iguana (D:9)
  4 worker ants
  A mummy (D:8)
  3 hound skeletons
  7 adders
  7 gnolls
  A shadow imp (D:9)
  2 oozes
  2 adder skeletons
  3 worms
  6 giant geckos
  24 orcs
  9 giant cockroaches
  5 goblins
  11 hobgoblins
  15 jackals
  3 quokkas
  2 ball pythons
  5 bats
  A giant gecko zombie (D:7)
  2 giant newts (D:2)
  A goblin skeleton (D:6)
  3 hobgoblin zombies (D:6)
  11 kobolds
  A kobold skeleton (D:6)
  4 kobold zombies (D:6)
  An orc skeleton (D:6)
  3 orc zombies (D:6)
  2 quokka skeletons
  9 rats
214 creatures vanquished.

Notes
Turn   | Place    | Note
--------------------------------------------------------------
     0 | D:1      | Ghalim the Gargoyle Fighter began the quest for the Orb.
     0 | D:1      | Reached XP level 1. HP: 14/14 MP: 1/1
   266 | D:1      | Reached XP level 2. HP: 19/19 MP: 2/2
   899 | D:2      | Reached XP level 3. HP: 21/24 MP: 3/3
   935 | D:2      | Reached skill level 4 in Fighting
  1279 | D:2      | Found a white marble altar of Elyvilon.
  1289 | D:2      | Reached XP level 4. HP: 29/29 MP: 4/4
  1935 | D:3      | Reached XP level 5. HP: 31/34 MP: 5/5
  2268 | D:3      | Reached skill level 5 in Fighting
  2276 | D:3      | Reached XP level 6. HP: 14/40 MP: 6/6
  2392 | D:3      | Reached skill level 5 in Maces & Flails
  2503 | D:3      | Found a faded altar to an unknown god.
  2724 | D:3      | Found a deep blue altar of Sif Muna.
  2982 | D:4      | Found a burning altar of Makhleb.
  3490 | D:4      | Found a bloodstained altar of Trog.
  3493 | D:4      | Found a radiant altar of Vehumet.
  3496 | D:4      | Found an ancient bone altar of Kikubaaqudgha.
  3538 | D:5      | Entered Level 5 of the Dungeon
  3538 | D:5      | Noticed Sigmund
  3754 | D:5      | Reached XP level 7. HP: 38/45 MP: 7/7
  3774 | D:5      | Found a shadowy altar of Dithmenos.
  3921 | D:4      | Reached skill level 6 in Maces & Flails
  4192 | D:5      | Noticed Crazy Yiuf
  4197 | D:5      | Killed Crazy Yiuf
  4227 | D:5      | Found a sacrificial altar of Ru.
  4673 | D:6      | Found a glowing golden altar of the Shining One.
  4681 | D:6      | Reached skill level 7 in Maces & Flails
  5107 | D:5      | HP: 2/47 [sky beast (1)]
  5127 | D:5      | Killed Sigmund
  5127 | D:5      | Reached XP level 8. HP: 17/52 MP: 8/8
  5472 | D:6      | Noticed a hill giant
  5539 | D:5      | Reached skill level 8 in Maces & Flails
  6042 | D:7      | Found a sacrificial altar of Ru.
  6106 | D:7      | Reached skill level 9 in Maces & Flails
  6106 | D:7      | Reached XP level 9. HP: 58/60 MP: 9/9
  6202 | D:7      | Noticed Dowan
  6214 | D:7      | Killed Dowan
  6691 | D:7      | Noticed Duvessa
  6710 | D:7      | Killed Duvessa
  6825 | D:7      | Found an oddly glowing altar of Pakellas.
  6993 | D:7      | Reached skill level 10 in Maces & Flails
  7182 | D:8      | Found a blossoming altar of Fedhas.
  7294 | D:8      | Reached skill level 10 in Fighting
  7412 | D:8      | Found an oddly glowing altar of Pakellas.
  7425 | D:8      | Noticed Pikel
  7513 | D:7      | Killed Pikel
  7513 | D:7      | Reached XP level 10. HP: 45/68 MP: 10/10
  7736 | D:8      | Found a snail-covered altar of Cheibriados.
  7831 | D:9      | Found a shadowy altar of Dithmenos.
  7867 | D:9      | Reached skill level 11 in Maces & Flails
  8017 | D:9      | Found an iron altar of Okawaru.
  8020 | D:9      | Became a worshipper of Warmaster Okawaru
  8403 | D:9      | Found a shattered altar of Ashenzari.
  8956 | D:10     | Entered Level 10 of the Dungeon
  8956 | D:10     | Noticed a hill giant
  8965 | D:9      | Killed a hill giant
  9196 | D:10     | Reached * piety under Okawaru
  9442 | D:10     | Found a shimmering altar of Xom.
  9442 | D:10     | Noticed a deep elf mage
  9782 | D:10     | Noticed a gargoyle
  9806 | D:10     | Noticed an elephant
 10101 | D:10     | Killed a gargoyle
 10101 | D:10     | Reached skill level 12 in Fighting
 10276 | D:10     | Reached XP level 11. HP: 66/76 MP: 11/11
 10299 | D:10     | Killed from afar by a deep elf mage

Vault maps used:
D:1:      sevenhm_arrival_forest_fort_small_3
D:2:      elyvilon_altar_3
D:3:      lemuel_crystal_altar, ecumenical_altar_1
D:4:      kennysheep_mini_moat, grunt_temple_overflow_diamond, first_bread,
          minivault_25, minmay_misc_feat_x
D:5:      nicolae_ru_the_path_less_chosen, basic_altar, minivault_4,
          uniq_crazy_yiuf_cottage, uniq_sigmund
D:6:      minmay_opposing_rooms, lemuel_coloured_pillars_altar, temple_statues,
          serial_glass, glass_columns_a, glass_columns_b,
          nicolae_tso_besieged_by_evil, uniq_prince_ribbit1
D:7:      grunt_pakellas_mercury, basic_altar, the_bakery, uniq_duvessa
D:8:      slow_altar_2, basic_altar, fedhas_altar_fruit_tree, uniq_pikel
D:9:      evilmike_ruin_ashenzari, old_standard_altar, okawaru_metal_pillars_1_2
D:10:     david_lair_generic, david_defended_altar_elf

Action                   |  1- 3 |  4- 6 |  7- 9 | 10-12 || total
-------------------------+-------+-------+-------+-------++-------
Melee: Flail             |   131 |   300 |   172 |       ||   603
       Mace              |       |       |   268 |   276 ||   544
  Use: Scroll            |       |     4 |     4 |       ||     8
       Potion            |       |       |     7 |     2 ||     9
  Eat: Chunk             |     1 |     9 |     7 |     7 ||    24
       Beef jerky        |       |       |     1 |     1 ||     2
       Meat ration       |       |       |     1 |       ||     1
       Royal jelly       |       |       |     1 |       ||     1
       Pizza             |       |       |     1 |       ||     1
